 Dungeon Crawl Stone Soup version 0.18-a0-1293-g5a2c81a (webtiles) character file.

97521 Ratboiler the Basher (level 15, 0/122 HPs)
             Began as a Vampire Venom Mage on Feb 10, 2016.
             Was the Champion of Kikubaaqudgha.
             Slain by an anaconda (6 damage)
             ... while paralysed
             ... on level 1 of the Snake Pit.
             The game lasted 02:18:27 (36338 turns).

Ratboiler the Basher (Vampire Venom Mage)          Turns: 36338, Time: 02:18:27

Health: 0/122      AC: 19    Str:  8    XL:     15   Next: 72%
Magic:  1/18       EV: -1    Int: 20    God:    Kikubaaqudgha [******]
Gold:   2064       SH:  0    Dex: 14    Spells: 7 memorised, 1 level left

rFire  . . .     SeeInvis +     a - +9 flail of Lierchor {crush, MR++ Str-4}
rCold  . . .     Gourm    .     A - +3 swamp dragon armour
rNeg   + . .     Faith    .     x - +0 buckler
rPois  +         Spirit   .     I - +2 hat
rElec  .         Dismiss  .     S - +2 cloak
rCorr  .         Reflect  .     F - +0 pair of gloves {archery}
SustAt .         Harm     .     G - +1 pair of boots
MR     +++..                    u - amulet of rage
Stlth  +++.......               X - ring of flight
                                y - ring of stealth

@: paralysed, lethally poisoned (0 -> 0), exhausted, slowed, constricted,
extremely resistant to hostile enchantments, fairly stealthy
A: fangs 3, see invisible, deformed body, deterioration 1, unbreathing
a: Bat Form, Receive Corpses, Torment, Brand Weapon With Pain, Receive
Necronomicon, Renounce Religion, Evoke Berserk Rage, Evoke Flight


You were on level 1 of the Snake Pit.
You worshipped Kikubaaqudgha.
Kikubaaqudgha was exalted by your worship.
You were not thirsty.

You visited 4 branches of the dungeon, and saw 22 of its levels.
You also visited: Labyrinth, Ice Cave and Volcano.

You collected 2529 gold pieces.
You spent 465 gold pieces at shops.

Inventory:

Hand Weapons
 a - the +9 flail of Lierchor (weapon) {crush, MR++ Str-4}
   (You found it on level 4 of the Dungeon)

   It inflicts extra damage upon your enemies.
   It affects your strength (-4).
   It affects your resistance to hostile enchantments.
 b - a +0 blowgun
 w - a +0 demon blade of venom
Missiles
 d - 306 stones (quivered)
 D - 42 poisoned needles
Armour
 x - a +0 buckler (worn)
 A - a +3 swamp dragon armour (worn)
 F - a +0 pair of gloves of archery (worn)
 G - a +1 pair of boots (worn)
 I - a +2 hat (worn)
 S - a +2 cloak (worn)
Rods
 v - a -1 rod of clouds (9/9)
   (You found it in a labyrinth)
Jewellery
 u - an amulet of rage (around neck)
 y - a ring of stealth (left hand)
 P - a +5 amulet of reflection
 U - an uncursed ring of protection from magic
 V - the ring of Yfieh {Ice MR+}
   (You found it on level 10 of the Dungeon)

   [ring of ice]

   It enhances your ice magic, and weakens your fire magic.
   It makes you vulnerable to fire.
   It protects you from cold.
   It affects your resistance to hostile enchantments.
 X - a ring of flight (right hand)
Wands
 i - a wand of slowing (35/48)
 o - a wand of flame (9/48)
 r - a wand of flame (17/48)
 s - a wand of slowing (28/48)
 H - a wand of confusion (28/48)
 R - a wand of flame (14/48)
Scrolls
 e - 2 scrolls of magic mapping
 h - 4 scrolls of enchant weapon
 j - 4 scrolls of teleportation
 k - a scroll of vulnerability
 l - a scroll of blinking
 q - 8 scrolls of remove curse
 z - 5 scrolls of recharging
 B - a scroll of amnesia
 E - 2 scrolls of fear
 K - 2 scrolls of summoning
 N - a scroll of silence
 Y - 3 scrolls of fog
Potions
 c - a potion of blood
 f - 2 potions of flight {unknown}
 g - a potion of magic {unknown}
 m - a potion of heal wounds
 n - 7 potions of curing
 p - 2 potions of lignification
 t - 2 potions of might {unknown}
 L - 2 potions of resistance
 Q - 5 potions of agility
 Z - 3 potions of experience {unknown}
Miscellaneous
 O - a crystal ball of energy
 T - a lamp of fire (inert)


   Skills:
 + Level 12.8 Fighting
 - Level 14.0 Maces & Flails
 + Level 10.1 Armour
 + Level 11.5 Dodging
 - Level 3.0 Stealth
 - Level 5.3 Shields
 - Level 2.0 Spellcasting
 - Level 2.0 Conjurations
 - Level 6.2 Necromancy
 - Level 2.2 Air Magic
 - Level 4.0 Poison Magic


You had one spell level left.
You knew the following spells:

 Your Spells              Type           Power        Failure   Level  Hunger
a - Sting                 Conj/Pois      ##..         12%         1    #......
b - Cure Poison           Pois           ###.......   12%         2    ##.....
c - Mephitic Cloud        Conj/Pois/Air  ##......     38%         3    ###....
d - Regeneration          Chrm/Necr      ##........   34%         3    ###....
e - Animate Dead          Necr           N/A          34%         4    #####..
f - Repel Missiles        Chrm/Air       #.....       38%         2    ##.....
g - Blink                 Tloc           N/A          61%         2    ##.....


Dungeon Overview and Level Annotations

Branches:
Dungeon (11/15)            Temple (0/1) D:5            Lair (8/8) D:11
  Swamp (0/4) Lair:4        Snake (1/4) Lair:3        Slime (0/6) Lair:7
    Orc (2/2) D:9             Elf (0/3) Orc:2

Altars:
Elyvilon
Fedhas
Kikubaaqudgha
Makhleb
Pakellas
Qazlal
Ru
Trog
Xom
Yredelemnul
Zin
The Shining One

Shops:
D:8 *   D:10 *   Orc:2 %?(:

Portals:
Pandemonium: Orc:2
Trove: D:10 (give +8 demon whip)

Annotations:
D:4 Grinder
D:6 Ijustatesigmund's ghost, novice DsBe
Snake:1 Louise


Innate Abilities, Weirdness & Mutations

You have razor-sharp teeth.
You have supernaturally acute eyesight.
You can survive without breathing.
Armour fits poorly on your strangely shaped body.
Your body sometimes deteriorates upon taking damage.


Message History

* * * LOW HITPOINT WARNING * * *
You are poisoned.
The naga ritualist's toxic aura wanes.
The anaconda bites you.
* * * LOW HITPOINT WARNING * * *
x2 The anaconda constricts you.
The mana viper bites you but does no damage.
You feel sick. The anaconda bites you.
* * * LOW HITPOINT WARNING * * *
x2 The anaconda constricts you.
The mana viper bites you!
* * * LOW HITPOINT WARNING * * *
You feel your power leaking away. The anaconda bites you.
* * * LOW HITPOINT WARNING * * *
x2 The anaconda constricts you.
The naga ritualist hits you but does no damage.
Louise gestures wildly while chanting.
Louise blinks!
The anaconda bites you.
You die...
Kikubaaqudgha rasps: "You have failed me!
Welcome... oblivion!"

#......#
#......#
##.....#
#.....##
#....(.#
#...@..#
#...##((....
##.SN#
#.....
#..N@# .....
#..S## .....
#..ยง ....#
#... ..#
##.. ...
.... #...


You could see Louise, an anaconda, 2 naga ritualists and a mana viper.

Vanquished Creatures
  A frost giant (IceCv)
  Aizul (Snake:1)
  An ettin (Orc:2)
  A minotaur (Lab)
  9 hydras
  2 catoblepae (Lair:8)
  2 anacondas (Snake:1)
  A deep troll shaman (Lair:8)
  An ogre mage (Orc:1)
  11 death yaks
  A centaur warrior (Volcano)
  8 orc high priests
  A shock serpent (Snake:1)
  Nergalle (Lair:1)
  A deep elf knight (Orc:2)
  2 infernal demonspawn (Orc:2)
  A lindwurm (Lair:8)
  A torturous demonspawn (Orc:2)
  A putrid demonspawn (Orc:2)
  2 hill giants
  7 orc knights
  4 orc sorcerers (Orc:2)
  4 mana vipers
  2 deep elf magi (Orc:2)
  A griffon (Lair:8)
  2 cyclopes
  9 elephants
  A centaur zombie (D:11)
  12 black mambas
  A sixfirhy (Orc:2)
  Psyche (D:8)
  An eye of devastation (Lair:7)
  A smoke demon (Orc:2)
  A naga mage (Snake:1)
  8 spiny frogs
  4 centaur skeletons
  A torpor snail (Lair:5)
  A gargoyle (D:11)
  6 komodo dragons
  3 fire drakes
  A red devil (Orc:2)
  12 polar bears
  2 trolls
  2 minotaur zombies (Lab)
  3 two-headed ogres
  Prince Ribbit (D:7)
  A boulder beetle (Lair:8)
  10 blink frogs
  3 wraiths
  Sigmund (D:4)
  49 yaks
  3 basilisks
  3 wyverns
  2 neqoxecs
  5 hippogriffs
  A hungry ghost (D:11)
  Edmund (D:5)
  25 wolves
  2 wargs
  4 nagas
  16 porcupines
  Duvessa (D:7)
  22 water moccasins
  24 orc warriors
  A swamp drake (Orc:2)
  2 ice beasts
  3 black bears
  2 phantoms
  17 ogres
  An eye of draining (D:9)
  10 centaurs
  18 crocodiles
  24 giant frogs
  2 big kobolds
  3 scorpions
  2 water moccasin skeletons
  Dowan (D:7)
  A killer bee (Lair:1)
  2 electric eels
  3 jellies
  5 crimson imps
  30 orc priests
  9 hounds
  3 giant frog skeletons
  An iron imp (Orc:2)
  Crazy Yiuf (D:7)
  8 iguanas
  Natasha (thrice) (D:3)
  19 orc wizards
  6 hell rats (Lair:5)
  7 worker ants
  14 sheep
  A spectral hound (D:11)
  A hound zombie (D:8)
  2 hound skeletons
  A worker ant zombie (D:11)
  3 gnolls (Orc:2)
  2 adders
  48 river rats
  5 shadow imps
  A white imp (Orc:2)
  4 oozes
  An adder zombie (D:5)
  2 adder skeletons
  3 worms
  3 giant geckos
  86 orcs
  11 bats
  8 giant cockroaches
  11 goblins
  4 hobgoblins
  15 jackals
  6 kobolds
  A quokka (D:3)
  3 ball pythons
  A giant gecko skeleton (D:4)
  7 giant newts
  6 rats
  A bush (Lair:1)
748 creatures vanquished.

Vanquished Creatures (collateral kills)
  An ice dragon (Lair:6)
  2 death yaks
  A shock serpent (Snake:1)
  An orc knight (Orc:2)
  An oklob plant (Lair:1)
  A cyclops (Orc:1)
  A sixfirhy (Orc:2)
  5 elephants
  A spiny frog (Lair:8)
  A komodo dragon (Lair:3)
  2 polar bears (IceCv)
  2 blink frogs (Lair:7)
  6 yaks
  2 wolves
  A porcupine (Lair:7)
  3 orc warriors
  An eye of draining (Lair:7)
  A giant frog (Lair:3)
  A gnoll sergeant (Orc:1)
  An orc wizard (Orc:2)
  2 sheep
  7 river rats (Lair:8)
  2 orcs
  A bush (Lair:1)
  2 plants (Lair:8)
49 creatures vanquished.

Vanquished Creatures (others)
  Nikola (Snake:1)
  The ghost of zkyp the Spear-Bearer, a journeyman DgFE (Snake:1)
  An elephant (Lair:8)
  A polar bear (IceCv)
  A yak (IceCv)
  6 wolves (IceCv)
  A naga (Snake:1)
  An orc wizard (Orc:2)
  A sheep (Lair:5)
  An orc (Orc:2)
  A bush (Lair:8)
  28 fungi
  11 plants
55 creatures vanquished.

Grand Total: 852 creatures vanquished

Notes
Turn   | Place    | Note
--------------------------------------------------------------
     0 | D:1      | Ratboiler the Vampire Venom Mage began the quest for the Orb.
     0 | D:1      | Reached XP level 1. HP: 13/13 MP: 3/3
   252 | D:1      | Reached skill level 1 in Conjurations
   267 | D:1      | Reached XP level 2. HP: 10/19 MP: 0/5
   409 | D:1      | Learned a level 2 spell: Cure Poison
   642 | D:1      | Reached XP level 3. HP: 10/24 MP: 0/6
   736 | D:1      | Learned a level 3 spell: Mephitic Cloud
  1070 | D:1      | Reached skill level 4 in Poison Magic
  1428 | D:2      | Reached skill level 1 in Air Magic
  1549 | D:2      | Reached XP level 4. HP: 30/30 MP: 7/7
  1772 | D:3      | Noticed Natasha
  1781 | D:3      | Killed Natasha
  1951 | D:3      | Noticed Natasha
  1966 | D:3      | Killed Natasha
  1966 | D:3      | Reached skill level 1 in Fighting
  1997 | D:3      | Noticed Natasha
  2023 | D:3      | Killed Natasha
  2023 | D:3      | Reached XP level 5. HP: 31/38 MP: 5/8
  2443 | D:3      | Found an ancient bone altar of Kikubaaqudgha.
  2443 | D:3      | Found a blossoming altar of Fedhas.
  2448 | D:3      | Became a worshipper of Kikubaaqudgha
  2838 | D:4      | Reached skill level 1 in Shields
  2854 | D:4      | Identified the Volume of Intoxication
  2942 | D:4      | Noticed Sigmund
  2981 | D:4      | Killed Sigmund
  2981 | D:4      | Reached XP level 6. HP: 42/47 MP: 3/9
  3145 | D:4      | Noticed Grinder
  3442 | D:4      | Got a crystal flail
  3443 | D:4      | Identified the +9 flail of Lierchor {crush, MR++ Str-4} (You found it on level 4 of the Dungeon)
  3591 | D:4      | Reached skill level 1 in Maces & Flails
  3591 | D:4      | Reached XP level 7. HP: 42/52 MP: 4/10
  3992 | D:5      | Entered Level 5 of the Dungeon
  4148 | D:5      | Found a glowing golden altar of the Shining One.
  4197 | D:5      | Found a stormy altar of Qazlal.
  4641 | D:5      | Found a glowing golden altar of the Shining One.
  4644 | D:5      | Found a bloodstained altar of Trog.
  4647 | D:5      | Found a sacrificial altar of Ru.
  4843 | D:5      | Reached XP level 8. HP: 56/58 MP: 7/11
  4868 | D:5      | Found a staircase to the Ecumenical Temple.
  5047 | D:5      | Noticed Edmund
  5049 | D:5      | Reached skill level 5 in Maces & Flails
  5061 | D:5      | Killed Edmund
  5061 | D:5      | Reached * piety under Kikubaaqudgha
  5061 | D:5      | Received a gift from Kikubaaqudgha
  5062 | D:5      | Identified Kikubaaqudgha's Compendium of Stolen Souls (Kikubaaqudgha gifted it to you on level 5 of the Dungeon)
  5067 | D:5      | Learned a level 3 spell: Regeneration
  5352 | D:6      | Noticed Ijustatesigmund's ghost (novice DsBe)
  5520 | D:6      | Found a shimmering altar of Xom.
  5544 | D:6      | Found a burning altar of Makhleb.
  5583 | D:6      | Reached skill level 6 in Maces & Flails
  5583 | D:6      | Reached skill level 5 in Shields
  5788 | D:6      | Found a white marble altar of Elyvilon.
  5966 | D:6      | Got a warped zirconium amulet
  5971 | D:6      | Identified the amulet of Vaupog {Gourm Int+4 SInv} (You found it on level 6 of the Dungeon)
  6125 | D:6      | Found a basalt altar of Yredelemnul.
  6252 | D:7      | Reached XP level 9. HP: 60/64 MP: 12/12
  6411 | D:7      | Reached skill level 7 in Maces & Flails
  6631 | D:7      | Noticed Duvessa
  6631 | D:7      | Noticed Prince Ribbit
  6807 | D:7      | Noticed Dowan
  6832 | D:7      | Killed Dowan
  6832 | D:7      | Reached ** piety under Kikubaaqudgha
  6908 | D:7      | Killed Duvessa
  6974 | D:7      | Killed Prince Ribbit
  7195 | D:7      | Noticed Crazy Yiuf
  7200 | D:7      | Killed Crazy Yiuf
  7530 | D:8      | Reached skill level 8 in Maces & Flails
  7621 | D:8      | Reached skill level 5 in Fighting
  7673 | D:8      | Found Zin's Purification Station.
  7673 | D:8      | Found a glowing silver altar of Zin.
  8057 | D:8      | Noticed Psyche
  8534 | D:8      | Killed Psyche
  8534 | D:8      | Reached XP level 10. HP: 68/76 MP: 1/13
  8721 | D:9      | Reached skill level 9 in Maces & Flails
  8804 | D:9      | Found an oddly glowing altar of Pakellas.
  8931 | D:9      | Found a staircase to the Orcish Mines.
  9344 | D:10     | Entered Level 10 of the Dungeon
  9350 | D:10     | Got a transparent lapis lazuli ring
  9352 | D:10     | Identified the ring of Yfieh {Ice MR+} (You found it on level 10 of the Dungeon)
  9491 | D:10     | Found Emoh's Assorted Antiques.
  9499 | D:10     | Bought a scroll of blinking for 232 gold pieces
  9499 | D:10     | Bought a scroll labeled EPHE OSAVE for 31 gold pieces
  9529 | D:10     | Found a portal to a secret trove of treasure.
  9572 | D:10     | Noticed a hill giant
  9604 | D:10     | Killed a hill giant
  9604 | D:10     | Reached skill level 10 in Maces & Flails
  9707 | D:10     | Noticed a hill giant
  9833 | D:11     | Noticed a hill giant
 10051 | D:10     | Reached skill level 1 in Armour
 10212 | D:11     | Noticed a gargoyle
 10230 | D:10     | Reached *** piety under Kikubaaqudgha
 10230 | D:10     | Received a gift from Kikubaaqudgha
 10236 | D:10     | Identified Kikubaaqudgha's Papyrus of Evil (Kikubaaqudgha gifted it to you on level 10 of the Dungeon)
 10242 | D:10     | Learned a level 4 spell: Animate Dead
 10359 | D:11     | Got a steaming long sword
 10366 | D:10     | Identified the +1 long sword of an ossuary {venom, rC+++ rN+ Int-2 Dex+4} (You found it on level 11 of the Dungeon)
 10418 | D:11     | Found a staircase to the Lair.
 10484 | Orc:1    | Entered Level 1 of the Orcish Mines
 10485 | Orc:1    | Noticed an ogre mage
 10498 | Orc:1    | Reached XP level 11. HP: 84/84 MP: 8/14
 11521 | D:11     | Killed a hill giant
 12058 | Lair:1   | Entered Level 1 of the Lair of Beasts
 12250 | Lair:1   | Noticed Nergalle
 12267 | Lair:1   | Killed Nergalle
 12734 | Lair:1   | Reached skill level 5 in Armour
 12847 | Lair:1   | Reached skill level 1 in Necromancy
 12910 | Lair:1   | Reached **** piety under Kikubaaqudgha
 13062 | Lair:1   | Noticed an oklob plant
 13714 | Lair:2   | Found a dark tunnel.
 13721 | Volcano  | Entered a volcano
 13741 | Volcano  | Noticed a centaur warrior
 13775 | Volcano  | Killed a centaur warrior
 14331 | Lair:2   | Reached skill level 5 in Necromancy
 14574 | Lair:2   | Reached XP level 12. HP: 95/95 MP: 11/15
 15291 | Lair:3   | Noticed a six-headed hydra
 15343 | Lair:3   | Noticed a death yak
 15352 | Lair:3   | Noticed a death yak
 15355 | Lair:3   | Noticed a death yak
 15359 | Lair:3   | Noticed a death yak
 15360 | Lair:3   | Killed a death yak
 15885 | Lair:3   | Noticed a seven-headed hydra
 16038 | Lair:3   | Found a staircase to the Snake Pit.
 17135 | Lair:4   | Found a staircase to the Swamp.
 18019 | Lair:5   | Noticed a five-headed hydra
 18452 | Lair:5   | Noticed a four-headed hydra
 18461 | Lair:5   | Killed a four-headed hydra
 18461 | Lair:5   | Reached skill level 11 in Maces & Flails
 18562 | Lair:5   | Killed a five-headed hydra
 18609 | Lair:5   | Noticed a four-headed hydra
 18619 | Lair:5   | Killed a four-headed hydra
 19328 | Lair:6   | Noticed a five-headed hydra
 19490 | Lair:6   | Reached ***** piety under Kikubaaqudgha
 19548 | Lair:6   | Found a frozen archway.
 19549 | Lair:6   | Noticed an ice dragon
 19651 | Lair:6   | Killed an ice dragon
 19697 | IceCv    | Entered an ice cave
 20057 | IceCv    | Reached XP level 13. HP: 97/101 MP: 13/16
 20304 | IceCv    | Reached skill level 5 in Dodging
 20921 | IceCv    | Reached skill level 12 in Maces & Flails
 21078 | IceCv    | Noticed a frost giant
 21212 | IceCv    | Killed a frost giant
 22716 | Lair:7   | Found a staircase to the Slime Pits.
 22730 | Lair:7   | Found a labyrinth entrance.
 22768 | Lab      | Entered a labyrinth
 22945 | Lab      | Noticed a minotaur
 22956 | Lab      | Killed a minotaur
 23244 | Lair:7   | Reached ****** piety under Kikubaaqudgha
 23815 | Lair:7   | Reached skill level 13 in Maces & Flails
 24313 | Lair:8   | Entered Level 8 of the Lair of Beasts
 24421 | Lair:8   | Reached XP level 14. HP: 106/109 MP: 17/17
 24681 | Lair:8   | Reached skill level 10 in Fighting
 27513 | Lair:1   | You fall through a shaft!
 27902 | Lair:1   | Reached skill level 14 in Maces & Flails
 28333 | Orc:2    | Entered Level 2 of the Orcish Mines
 30082 | Orc:2    | Found a staircase to the Elven Halls.
 30163 | Orc:2    | Found Iwoss's Food Boutique.
 30546 | Orc:2    | Found Ibry's Magic Scroll Shop.
 30742 | Orc:2    | Gained mutation: Your body sometimes deteriorates upon taking damage. [a neqoxec]
 30750 | Orc:1    | Gained mutation: Armour fits poorly on your strangely shaped body. [a neqoxec]
 31005 | Orc:2    | Bought a scroll of vulnerability for 112 gold pieces
 31005 | Orc:2    | Bought a scroll of teleportation for 45 gold pieces
 31005 | Orc:2    | Bought a scroll of teleportation for 45 gold pieces
 31295 | Orc:2    | Learned a level 2 spell: Repel Missiles
 31298 | Orc:2    | Learned a level 2 spell: Blink
 31698 | Orc:2    | Reached XP level 15. HP: 104/120 MP: 18/18
 32339 | Orc:2    | Reached skill level 10 in Dodging
 32863 | Orc:2    | Found Ytzegesu's Antique Weapon Emporium.
 32863 | Orc:2    | Found a one-way gate leading to the halls of Pandemonium.
 32863 | Orc:2    | Found Rismopn's Book Shoppe.
 34498 | Snake:1  | Entered Level 1 of the Snake Pit
 34576 | Snake:1  | Noticed zkyp's ghost (journeyman DgFE)
 34698 | Snake:1  | Killed zkyp's ghost
 34919 | Snake:1  | Noticed Nikola
 35198 | Snake:1  | Killed Nikola
 35392 | Snake:1  | Noticed Aizul
 35465 | Snake:1  | Killed Aizul
 35677 | Snake:1  | Reached skill level 10 in Armour
 36317 | Snake:1  | Noticed Louise
 36337 | Snake:1  | HP: 6/122 [anaconda (2)]
 36338 | Snake:1  | Slain by an anaconda

Vault maps used:
D:1:      lemuel_arrival_rhombus, minivault_25, solitary_fountain
D:3:      grunt_temple_overflow_growth_and_decay, first_bread, minivault_27,
          uniq_natasha
D:4:      minmay_crystal_water, uniq_grinder, uniq_sigmund
D:5:      old_standard_altar, grunt_temple_overflow_diamond,
          minmay_temple_entry_trees, tso_metal_star, uniq_edmund
D:6:      lemuel_crystal_altar, xom_teletrap_fun,
          yredelemnul_forgotten_temple_becter, elyvilon_altar_5
D:7:      grunt_decor_fettered, uniq_crazy_yiuf_cottage, uniq_duvessa,
          uniq_prince_ribbit1
D:8:      minmay_klotski, zin_purify, grunt_ogre_cave, uniq_psyche
D:9:      kennysheep_little_box, orc_0_dummy
D:10:     serial_shops, nicolae_shop_overgrown_old_shop,
          nicolae_trove_entry_diagonal, lightli_corner_chamber
D:11:     minmay_lair_entry_lava, st_stairs_1, hangedman_weighted_door
Lair:1:   beast_lair_carwin_large_4, minmay_lair_oklob_bushes, uniq_nergalle
Lair:2:   nicolae_volcano_entry_two_sided
Lair:3:   guppyfry_snake_entry_island, serial_bayou_shore_a
Lair:4:   swamp_mist, serial_bayou_shore_b, grunt_megastairs_1,
          serial_bayou_shore_b, lemuel_fruit_fields, serial_bayou_shore_b
Lair:6:   portal_ice_cave_entry_animals_and_master, grunt_megastairs_5
Lair:7:   minmay_slime_entry_eyes, lab_entry_generic
Lair:8:   grunt_lair_end_beastmaster
Snake:1:  uniq_aizul, uniq_nikola, uniq_louise
Orc:2:    pf_orc_diabolical, hangedman_minor_magic
Lab:      labyrinth_hidden_loot, labyrinth_lava_lair
IceCv:    ice_cave_caverns_02
Volcano:  volcano_pools

Action                   |  1- 3 |  4- 6 |  7- 9 | 10-12 | 13-15 || total
-------------------------+-------+-------+-------+-------+-------++-------
Melee: Dagger            |    52 |   118 |       |       |       ||   170
       Flail             |       |    13 |   246 |   768 |  1805 ||  2832
       Mace              |       |     7 |       |       |       ||     7
 Fire: Hunting sling     |    70 |    27 |     2 |    14 |       ||   113
       Blowgun           |       |       |       |       |    10 ||    10
Throw: Stone             |       |       |     2 |     6 |     3 ||    11
 Cast: Sting             |    29 |    12 |    10 |    18 |     3 ||    72
       Mephitic Cloud    |     3 |    12 |    33 |    49 |    20 ||   117
       Animate Dead      |       |       |       |    17 |    43 ||    60
       Regeneration      |       |       |       |     5 |     4 ||     9
 Abil: Evoke Flight      |       |       |       |     1 |       ||     1
       Evoke Berserk Rag |       |       |       |     2 |    14 ||    16
Evoke: Lamp of fire      |       |       |       |     1 |     2 ||     3
       Wand              |       |       |       |       |     6 ||     6
  Use: Scroll            |       |     5 |     3 |    13 |     8 ||    29
       Potion            |       |       |       |     8 |    11 ||    19
 Stab: Confused          |     2 |     8 |    13 |    19 |    16 ||    58
       Sleeping          |     1 |     3 |     8 |    20 |     9 ||    41
       Distracted        |       |     1 |     2 |     5 |    11 ||    19
  Eat: Corpse            |     7 |     6 |    18 |    47 |    74 ||   152
